 Dungeon Crawl Stone Soup version 0.23.0 (webtiles) character file.

Game seed: 2279301096573051

102 Hercules1031 the Shield-Bearer (level 5, -2/42 HPs)
             Began as a Formicid Fighter on Feb 9, 2019.
             Slain by an orc
             ... wielding a +0 morningstar
              (7 damage)
             ... on level 3 of the Dungeon.
             The game lasted 00:04:00 (1577 turns).

Hercules1031 the Shield-Bearer (Formicid Fighter)   Turns: 1577, Time: 00:04:01

Health: -2/42      AC:  7    Str: 21    XL:     5   Next: 5%
Magic:  5/5        EV:  8    Int:  8    God:
Gold:   109        SH:  9    Dex: 10    Spells: 4/4 levels left

rFire    . . .     SeeInvis +   a - +0 quarterstaff
rCold    . . .     Gourm    .   c - +0 shield
rNeg     . . .     Faith    .   b - +0 scale mail
rPois    .         Spirit   .   (helmet unavailable)
rElec    .         Reflect  .   (no cloak)
rCorr    .         Harm     .   (no gloves)
MR       .....                  (no boots)
Stlth    ..........             (no amulet)
HPRegen  0.14/turn              (no ring)
MPRegen  0.09/turn              (no ring)

@: no status effects
A: permanent stasis, dig shafts and tunnels, four strong arms, antennae 3
a: Dig, Shaft Self


You were on level 3 of the Dungeon.
You were full.

You visited 1 branch of the dungeon, and saw 3 of its levels.

You collected 109 gold pieces.

Inventory:

Hand Weapons
 a - a +0 quarterstaff (weapon)
Armour
 b - a +0 scale mail (worn)
 c - a +0 shield (worn)
Scrolls
 e - a scroll of immolation {unknown}
 i - 6 scrolls of identify {unknown}
 k - a scroll of enchant armour {unknown}
 l - 2 scrolls of random uselessness {unknown}
 m - a scroll of fog {unknown}
 n - a scroll of teleportation {unknown}
 o - 3 scrolls of fear {unknown}
Potions
 d - a potion of might
 g - 3 potions of heal wounds {unknown}
 h - 2 potions of mutation {unknown}
 j - a potion of flight {unknown}
Comestibles
 f - 2 rations


   Skills:
 + Level 3.9 Fighting
 + Level 2.7 Staves
 + Level 3.9 Armour
 + Level 1.4 Dodging
 + Level 4.3 Shields


You had 4 spell levels left.
You didn't know any spells.
Your spell library was empty.

Dungeon Overview and Level Annotations

Branches:
Dungeon (3/15)

Altars:


Innate Abilities, Weirdness & Mutations

You cannot be hasted, slowed, berserked, paralysed or teleported.
You can dig through walls and to a lower floor.
Your four strong arms can wield two-handed weapons with a shield.
You have a pair of large antennae on your head. (SInv)


Message History

You closely miss the orc priest.
The orc priest is heavily wounded.
You block the orc's attack. The orc hits you but does no damage.
The orc priest hits you but does no damage.
You sock the orc priest!
You kill the orc priest!
You have reached level 5!
You block the orc's attack. x2
You closely miss the orc.
The orc is heavily wounded.
You block the orc's attack. x2; The orc closely misses you.
You thump the orc!
You kill the orc!
The orc hits you with a +0 morningstar!
* * * LOW HITPOINT WARNING * * *
Unknown command.
You hit the orc.
The orc is moderately wounded.
You block the orc's attack. The orc hits you with a +0 morningstar!
You die...

.......... ...#
###.......######...#
...................# .
............####.# ..
#...............##..
#### #.#....##..........
.....#.##.########......
......)†#..### ###.#.##
.[....o@.....# ##(......
.....###.....###......#.
... ............(<... #
##.....#.#....).#.
#.....#.#........
###..............
..#..#......##
..##.(.......
#.........#


You could see an orc.

Vanquished Creatures
  An orc priest (D:3)
  An adder (D:3)
  A worm (D:2)
  A dart slug (D:1)
  2 orcs (D:3)
  2 ball pythons
  8 bats
  3 giant cockroaches
  9 goblins
  7 hobgoblins
  2 jackals (D:1)
  A quokka (D:2)
  A frilled lizard (D:2)
  5 kobolds
  5 rats
49 creatures vanquished.

Notes
Turn   | Place    | Note
-------+----------+-------------------------------------------
     0 | D:1      | Hercules1031 the Formicid Fighter began the quest for the
                  | Orb.
     0 | D:1      | Reached XP level 1. HP: 18/18 MP: 1/1
    61 | D:1      | Reached XP level 2. HP: 15/24 MP: 2/2
   401 | D:1      | Reached XP level 3. HP: 29/29 MP: 3/3
   776 | D:1      | Reached skill level 4 in Shields
   802 | D:1      | Reached skill level 1 in Dodging
  1213 | D:2      | Reached XP level 4. HP: 37/37 MP: 4/4
  1215 | D:2      | Found a faded altar of an unknown god.
  1574 | D:3      | Reached XP level 5. HP: 11/42 MP: 5/5
  1577 | D:3      | Slain by an orc

Skill      XL: |  1  2  3 |
---------------+----------+-----
Shields        | 4 |  4.3
Dodging        | 1 |  1.4
Fighting       | |  3.9
Staves         | |  2.7
Armour         | |  3.9

Action                   |  1- 3 |  4- 6 || total
-------------------------+-------+-------++-------
Melee: Quarterstaff      |   114 |    31 ||   145
  Eat: Ration            |       |     2 ||     2
Armor: Scale mail        |    44 |    16 ||    60
Dodge: Dodged            |    37 |    16 ||    53
Block: Shield            |    72 |    18 ||    90
